 Dungeon Crawl Stone Soup version 0.30-b1-2-g02819fbbbe (webtiles) character file.

Game seed: 632623362409955966

20 maniek23 the Vexing (level 2, 0/23 HPs)
             Began as a Gnoll Hexslinger on July 26, 2023.
             Succumbed to an adder's poison
             ... on level 1 of the Dungeon.
             The game lasted 00:02:29 (641 turns).

maniek23 the Vexing (Gnoll Hexslinger)               Turns: 641, Time: 00:02:29

Health: 0/23       AC:  2    Str:  9    XL:     2   Next: 79%
Magic:  5/5        EV: 13    Int: 12    God:
Gold:   68         SH:  0    Dex: 12    Spells: 5/6 levels left

rFire   . . .        a - +1 sling
rCold   . . .        (no shield)
rNeg    . . .        c - +0 robe
rPois   .            (no helmet)
rElec   .            (no cloak)
rCorr   .            (no gloves)
SInv    .            (no boots)
Will    .....        (no amulet)
Stlth   +            (no ring)
HPRegen 0.23/turn    (no ring)
MPRegen 0.09/turn

%: no passive effects
@: lethally poisoned (0 -> -4)
A: fangs 1, strong nose, distributed training
a: no special abilities


You were on level 1 of the Dungeon.
You visited 1 branch of the dungeon, and saw 2 of its levels.

You collected 68 gold pieces.

Inventory:

Hand Weapons
 a - a +1 sling (weapon)
Armour
 c - a +0 robe (worn)
Scrolls
 b - a scroll of poison
 f - 2 scrolls of identify {unknown}
 h - a scroll of blinking {unknown}
Potions
 d - a potion of flight {unknown}
 e - a potion of ambrosia {unknown}
 g - a potion of curing {unknown}


   Skills:
 + Level 2.5 Fighting
 + Level 0.5 Short Blades
 + Level 0.5 Long Blades
 + Level 0.5 Axes
 + Level 0.5 Maces & Flails
 + Level 0.5 Polearms
 + Level 0.5 Staves
 + Level 4.5 Ranged Weapons
 + Level 0.5 Throwing
 + Level 0.5 Armour
 + Level 4.5 Dodging
 + Level 0.5 Stealth
 + Level 0.5 Shields
 + Level 0.5 Unarmed Combat
 + Level 2.7 Spellcasting
 + Level 0.4 Conjurations
 + Level 5.4 Hexes
 + Level 0.4 Summonings
 + Level 0.4 Necromancy
 + Level 0.4 Translocations
 + Level 0.4 Transmutations
 + Level 0.4 Fire Magic
 + Level 0.4 Ice Magic
 + Level 0.4 Air Magic
 + Level 0.4 Earth Magic
 + Level 0.4 Poison Magic
 + Level 0.7 Invocations
 + Level 0.5 Evocations


You had 5 spell levels left.
You knew the following spells:

 Your Spells              Type           Power      Damage    Failure   Level
a - Slow                  Hex            56%        N/A       2%          1

Your spell library contained the following spells:

 Spells                   Type           Power      Damage    Failure   Level
 Dazzling Flash           Conj/Hex       16%        N/A       22%         3
 Inner Flame              Hex/Fire       8%         N/A       22%         3
 Portal Projectile        Hex/Tloc       16%        N/A       22%         3
 Cause Fear               Hex            7%         N/A       26%         4
 Blink                    Tloc           4%         N/A       32%         2
 Lesser Beckoning         Tloc           4%         N/A       32%         2
 Momentum Strike          Conj/Tloc      4%         3d8       32%         2
 Silence                  Hex/Air        4%         N/A       91%         5
 Agony                    Necr           2%         N/A       99%         5


Dungeon Overview and Level Annotations

Branches:
Dungeon (2/15)

Altars:


Innate Abilities, Weirdness & Mutations

You have very sharp teeth.
Your uncanny sense of smell can sniff out nearby items.
Your experience applies equally to all skills.


Message History

The hobgoblin is almost dead.
The adder bites you.
You are poisoned.
The adder poisons you! The hobgoblin hits you. The adder closely misses you.
You shoot a sling bullet.
The sling bullet hits the hobgoblin but does no damage.
The hobgoblin is almost dead.
You feel sick. The adder bites you but does no damage. The hobgoblin hits you.
The endoplasm closely misses you.
You shoot a sling bullet.
The sling bullet closely misses the hobgoblin.
You feel sick. The adder barely misses you. The endoplasm freezes you.
You are frozen.
The hobgoblin closely misses you. The adder barely misses you.
You shoot a sling bullet. The sling bullet hits the hobgoblin.
You kill the hobgoblin!
You feel sick.
The endoplasm hits you but does no damage.
The adder completely misses you.
You feel sick. The adder closely misses you. The endoplasm hits you.
You climb upwards.
You feel sick.
There is a stone staircase leading down here.
You are too injured to fight recklessly!
You are too injured to fight recklessly!
You are too injured to fight recklessly!
You are too injured to fight recklessly!
You shoot a sling bullet. The sling bullet hits the adder.
The adder is heavily wounded.
You feel sick.
You are no longer poisoned.
The adder misses you. The endoplasm barely misses you. The adder bites you.
The endoplasm freezes you.
You are frozen.
* * * LOW HITPOINT WARNING * * *
The adder bites you.
* * * LOW HITPOINT WARNING * * *
You are lethally poisoned!
The adder poisons you! The adder attacks as you move away!
The adder barely misses you.
You die...

..#######.##.# #.# #.#.#
### #####.##.# #.# #.#.#
#......#.####.###.#.#
#####..............##...#
....#.###.##.####..##.###
....#.###.#........##.#
....'...........JS.####
....#........###.###
.####.#####..# #@# ##
#........# #.#
#######..###.# #......#
############†##..#
.................#
####.........###.#
#.........# #.#
####........^###.#


You could see an adder and an endoplasm.

Vanquished Creatures
  3 endoplasms (D:1)
  A giant cockroach (D:1)
  2 goblins (D:1)
  4 hobgoblins
  3 kobolds (D:1)
  2 ball pythons (D:1)
  2 frilled lizards (D:1)
  A rat (D:1)
18 creatures vanquished.

Notes
Turn   | Place    | Note
-------+----------+-------------------------------------------
     0 | D:1      | maniek23 the Gnoll Hexslinger began the quest for the Orb.
     0 | D:1      | Reached XP level 1. HP: 17/17 MP: 4/4
   247 | D:1      | Reached XP level 2. HP: 23/23 MP: 5/5
   640 | D:1      | HP: 1/23 [adder (1)]
   641 | D:1      | Succumbed to an adder's poison

Illustrated notes

Levels and vault maps discovered:
D:1:      scummos_arrival_checkerplants, layout_basic, item_on_display_a
D:2:      layout_rooms, serial_shops, shop, grunt_decor_one_mirror

Action                     || total
---------------------------++-------
   Fire: Sling             ||    59
 Armour: Robe              ||     7
  Dodge: Dodged            ||    28
